 Dungeon Crawl Stone Soup version 0.30-a0-168-g0b976cbdc4 (webtiles) character file.

Game seed: 7676834984174310984

12738 qw the Blocker (level 11, -6/67 HPs)
             Began as a Gargoyle Fighter on Sept 29, 2022.
             Was a High Priest of Okawaru.
             Mangled by a bog body (26 damage)
             ... on level 2 of the Lair of Beasts.
             The game lasted 00:04:49 (11992 turns).

qw the Blocker (Gargoyle Fighter)                  Turns: 11992, Time: 00:04:49

Health: -6/67      AC: 29    Str: 23    XL:     11   Next: 98%
Magic:  17/17      EV:  8    Int: 10    God:    Okawaru [*****.]
Gold:   589        SH: 25    Dex: 15    Spells: 10/10 levels left

rFire   + . .      SeeInvis .    Y - +5 war axe (vorpal)
rCold   . . .      Faith    .    l - +0 tower shield
rNeg    + . .      Spirit   .    r - +0 plate armour
rPois   inf        Reflect  +    e - +0 helmet
rElec   +          Harm     .    (no cloak)
rCorr   .          Rampage  .    b - +2 pair of gloves
Will    .....                    o - +0 pair of boots
Stlth   ..........               g - amulet of reflection
HPRegen 0.21/turn                k - +6 ring of dexterity
MPRegen 0.15/turn                t - ring of protection from fire

@: heroic, marked
A: sickness immunity, AC +8, negative energy resistance 1, electricity
resistance, torment resistance 1, petrification resistance
a: Renounce Religion, Heroism, Finesse, Duel


You were on level 2 of the Lair of Beasts.
You worshipped Okawaru.
Okawaru was extremely pleased with you.
You visited 3 branches of the dungeon, and saw 13 of its levels.

You collected 589 gold pieces.


Innate Abilities, Weirdness & Mutations

You are immune to sickness and miasma.
Your stone body is resilient. (AC +8)
You are immune to poison.
You resist negative energy. (rN+)
You are resistant to electric shocks. (rElec)
You are resistant to unholy torment.
You are immune to petrification.


   Skills:
 - Level 7.0(12.0) Fighting
 + Level 9.6(14.6) Axes
 - Level 2.3(7.3) Throwing
 - Level 6.0(11.0) Armour
 - Level 2.1(7.1) Dodging
 - Level 12.0(17.0) Shields
 + Level 9.2 Invocations


You had 10 spell levels left.
You didn't know any spells.
Your spell library was empty.

Inventory:

Hand Weapons
 s - a +4 morningstar
 Y - a +5 vorpal war axe (weapon)
Armour
 b - a +2 pair of gloves (worn)
 e - a +0 helmet (worn)
 l - a +0 tower shield (worn)
 o - a +0 pair of boots (worn)
 r - a +0 plate armour (worn)
Jewellery
 g - an amulet of reflection (around neck)
 k - a +6 ring of dexterity (left hand)
 t - a ring of protection from fire (right hand)
Scrolls
 f - 6 scrolls of identify
 p - 2 scrolls of teleportation
Potions
 a - a potion of heal wounds
 d - 10 potions of might
 h - 3 potions of attraction
 i - 4 potions of mutation
 m - 2 potions of magic
 n - a potion of resistance
 q - 2 potions of haste
 u - a potion of curing

Dungeon Overview and Level Annotations

Branches:
Dungeon (10/15)            Temple (1/1) D:5            Lair (2/5) D:10
    Orc (0/2) D:10
  Swamp: Lair:2-3    Shoals: Lair:2-3     Snake: Lair:2-3    Spider: Lair:2-3

Altars:
Ashenzari
Cheibriados
Dithmenos
Elyvilon
Fedhas
Gozag
Hepliaklqana
Kikubaaqudgha
Makhleb
Nemelex Xobeh
Okawaru
Qazlal
Ru
Sif Muna
Trog
Uskayaw
Vehumet
Wu Jian
Xom
Yredelemnul
Zin
The Shining One

Shops:
D:8 (

Annotations:
D:8 2 transporters, qw's ghost, novice GrFi


Message History

A bog body comes into view.
A swamp worm comes into view.
A black mamba comes into view.
You see here a bog body corpse.
You slash the bog body!
The bog body is heavily damaged.
The bog body completely misses you.
You hit the bog body.
The bog body is severely damaged.
You block the bog body's attack.
You slice the bog body!!
You destroy the bog body!
Okawaru accepts your kill.
You hit the black mamba.
The black mamba is lightly wounded.
You block the black mamba's attack.
A bog body comes into view.
You slice the black mamba!!
The black mamba is severely wounded.
The black mamba bites you but does no damage.
You block the black mamba's attack.
You closely miss the black mamba.
The black mamba is severely wounded.
The black mamba bites you but does no damage. x2
You completely miss the black mamba.
The black mamba is severely wounded.
You barely miss the swamp worm. The swamp worm closely misses you.
You block the black mamba's attack.
You barely miss the black mamba.
The black mamba is severely wounded.
You hit the swamp worm but do no damage.
You block the black mamba's attack. You block the swamp worm's attack.
You block the black mamba's attack.
You slice the black mamba!!
You kill the black mamba!
Okawaru accepts your kill.
You hit the swamp worm. You slash the bog body!
You block the swamp worm's attack. x2; The bog body touches you.
The bog body freezes you!!
You die...

.### #.....)7 7P.....###..
...#####.P###77~ 77 ####...# ##.
PP###.#..####.7~ ~7 7 #....## #.
..%....#......7~ 7~7 #P#.....###.
..#P.#...#.#..7~ .~7.........<...
.P####.######.7~7.~7.$##.....%%%.
..# #..# ##.77..77....##..%#...
..P###.. #...7wn7.....##.......
.P## ..# ###.7@%7.....##..#.#..
.## #.# #..}}......###..##.. .#
..# #..................%.... .#
#P.#.#....#......(....... .. #
###.##.....~~..~....P~ ..
#####....~~~~~~.~~P~
##...~~~~~~~~~~~ #...~~P~~~P~~PP
.....~~~~~~~~PPP


You could see a bog body and a swamp worm.

Vanquished Creatures
  A two-headed ogre (D:10)
  Erica (D:10)
  2 bog bodies (Lair:2)
  An ugly thing (D:8)
  2 black mambas
  2 cane toads
  A kobold demonologist (D:8)
  A rime drake (Lair:1)
  2 komodo dragons
  A merfolk (D:9)
  2 trolls (D:9)
  4 blink frogs (Lair:2)
  2 wyverns
  A wraith (D:10)
  A basilisk (Lair:1)
  5 yaks (Lair:2)
  2 steam dragons
  6 water moccasins
  3 orc warriors
  An ice beast (D:7)
  3 sky beasts
  2 black bears (D:10)
  An ogre (D:5)
  2 centaurs (D:9)
  4 phantoms
  A kobold brigand (D:9)
  7 bullfrogs
  2 gnoll sergeants
  4 scorpions
  A necrophage (D:4)
  12 wights
  2 troll zombies (D:10)
  11 killer bees
  7 howler monkeys
  An electric eel (Lair:2)
  A crimson imp (D:5)
  3 hounds
  4 jellies
  4 orc priests
  4 orc wizards
  5 iguanas
  6 ogre zombies (D:10)
  Robin (D:3)
  10 gnolls
  4 adders
  An ufetubus (D:7)
  4 worms
  2 dart slugs (D:1)
  29 orcs
  6 ball pythons
  6 bats
  8 endoplasms
  A giant cockroach (D:2)
  19 goblins
  8 hobgoblins
  10 jackals
  5 quokkas
  4 frilled lizards
  A goblin skeleton (D:10)
  A goblin zombie (D:10)
  A hobgoblin skeleton (D:10)
  2 hobgoblin zombies (D:10)
  10 kobolds
  4 orc skeletons (D:10)
  16 orc zombies (D:10)
  2 rats
283 creatures vanquished.

Vanquished Creatures (others)
  36 fungi
  48 plants
84 creatures vanquished.

Grand Total: 367 creatures vanquished

Notes
Turn   | Place    | Note
-------+----------+-------------------------------------------
     0 | D:1      | qw the Gargoyle Fighter began the quest for the Orb.
     0 | D:1      | Reached XP level 1. HP: 14/14 MP: 1/1
     0 | D:1      | 0 ||| qw: Version: 0.2-a-12-gaebbb33
     0 | D:1      | 0 ||| qw: Game counter: 1216
     0 | D:1      | 0 ||| qw: Always use a shield: true
     0 | D:1      | 0 ||| qw: God list: Okawaru
     0 | D:1      | 0 ||| qw: Allow faded altars: false
     0 | D:1      | 0 ||| qw: Do Orc after D:15 true
     0 | D:1      | 0 ||| qw: Do second Lair branch before Depths: true
     0 | D:1      | 0 ||| qw: Lair rune preference: random
     0 | D:1      | 0 ||| qw: Plans: Normal, Zot:1-4, God:TSO, Crypt, Tomb,
                  | Pan, Slime:5, Hells, Abyss, Orb
     0 | D:1      | 0 ||| PLANNING D:1-11
   172 | D:1      | 172 ||| Stepping ~*~*~tactically~*~*~ (stealth).
   173 | D:1      | 173 ||| Stepping ~*~*~tactically~*~*~ (stealth).
   180 | D:1      | Reached XP level 2. HP: 19/19 MP: 2/2
   185 | D:1      | 185 ||| Stepping ~*~*~tactically~*~*~ (stealth).
   193 | D:1      | 193 ||| Stepping ~*~*~tactically~*~*~ (stealth).
   498 | D:1      | 498 ||| Stepping ~*~*~tactically~*~*~ (hiding).
   510 | D:1      | Reached skill level 3 in Axes
   517 | D:1      | Reached XP level 3. HP: 23/23 MP: 3/3
   585 | D:1      | 585 ||| UPGRADING to amulet of reflection.
   590 | D:1      | 590 ||| DROPPING ring of wizardry.
   591 | D:1      | 591 ||| READING scroll labelled XOCEDD ANYUM.
   592 | D:1      | 592 ||| READING scroll labelled NOABRY HORIPN.
   593 | D:1      | 593 ||| READING scroll labelled ZOEF ILELI.
   854 | D:2      | Found a faded altar of an unknown god.
   950 | D:2      | 950 ||| Stepping ~*~*~tactically~*~*~ (stealth).
   991 | D:2      | 991 ||| Stepping ~*~*~tactically~*~*~ (stealth).
  1026 | D:2      | Reached XP level 4. HP: 28/28 MP: 4/4
  1130 | D:2      | 1130 ||| UPGRADING to +0 tower shield.
  1140 | D:2      | 1140 ||| DROPPING +0 buckler.
  1141 | D:2      | 1141 ||| UPGRADING to +0 pair of boots.
  1146 | D:2      | 1146 ||| READING scroll labelled MESEUL PAPSIAR.
  1147 | D:2      | 1147 ||| READING scroll labelled ISUHIT GONIKKUT.
  1148 | D:2      | 1148 ||| READING scroll labelled HENIRO WIEBUL.
  1149 | D:2      | 1149 ||| READING scroll labelled ISAUQA NEPACO.
  1150 | D:2      | 1150 ||| DRINKING 2 viscous grey potions.
  1151 | D:2      | 1151 ||| READING 2 scrolls of identify.
  1151 | D:2      | 1151 ||| IDENTIFYING brown potion
  1152 | D:2      | 1152 ||| DROPPING potion of brilliance.
  1166 | D:3      | 1166 ||| STAIRDANCE
  1448 | D:3      | 1448 ||| DROPPING +1 whip of venom.
  1564 | D:3      | Reached skill level 4 in Shields
  1659 | D:3      | Noticed Robin
  1660 | D:3      | 1660 ||| Stepping ~*~*~tactically~*~*~ (hiding).
  1716 | D:3      | 1716 ||| Stepping ~*~*~tactically~*~*~ (stealth).
  1718 | D:3      | 1718 ||| Stepping ~*~*~tactically~*~*~ (stealth).
  1720 | D:3      | 1720 ||| Stepping ~*~*~tactically~*~*~ (stealth).
  1724 | D:3      | 1724 ||| Stepping ~*~*~tactically~*~*~ (stealth).
  1743 | D:3      | Killed Robin
  1754 | D:3      | Reached XP level 5. HP: 23/32 MP: 5/5
  1765 | D:3      | 1765 ||| FLEEEEING.
  1766 | D:3      | 1766 ||| FLEEEEING.
  1767 | D:3      | 1767 ||| FLEEEEING.
  1768 | D:3      | 1768 ||| FLEEEEING.
  1769 | D:3      | 1769 ||| FLEEEEING.
  1770 | D:3      | 1770 ||| FLEEEEING.
  1771 | D:3      | 1771 ||| FLEEEEING.
  1772 | D:3      | 1772 ||| FLEEEEING.
  1773 | D:3      | 1773 ||| FLEEEEING.
  1774 | D:3      | 1774 ||| FLEEEEING.
  1775 | D:3      | 1775 ||| FLEEEEING.
  1776 | D:3      | 1776 ||| FLEEEEING.
  1793 | D:3      | 1793 ||| FLEEEEING.
  1891 | D:3      | Noticed a +0 falchion
  1891 | D:3      | Noticed a +0 falchion
  1892 | D:3      | Noticed a +0 short sword
  1892 | D:3      | Noticed a +0 short sword
  1892 | D:3      | Noticed a +0 spear
  1892 | D:3      | Noticed a +0 dagger
  1893 | D:3      | Noticed a +0 dagger
  1893 | D:3      | Noticed a +0 spear
  1904 | D:3      | Found a hide-covered altar of Uskayaw.
  1905 | D:3      | 1905 ||| Stepping randomly (stuck).
  1907 | D:3      | 1907 ||| Stepping randomly (stuck).
  1962 | D:3      | 1962 ||| READING scroll of brand weapon.
  1962 | D:3      | 1962 ||| BRANDING +1 war axe of chaos.
  2316 | D:3      | 2316 ||| UPGRADING to +0 helmet.
  2359 | D:4      | Reached skill level 5 in Shields
  2578 | D:4      | Reached XP level 6. HP: 37/37 MP: 6/6
  2647 | D:4      | 2647 ||| Stepping ~*~*~tactically~*~*~ (stealth).
  2648 | D:4      | 2648 ||| Stepping ~*~*~tactically~*~*~ (stealth).
  2669 | D:4      | 2669 ||| READING scroll of enchant weapon.
  2669 | D:4      | 2669 ||| ENCHANTING +1 war axe of venom.
  2856 | D:4      | 2856 ||| Stepping ~*~*~tactically~*~*~ (hiding).
  2867 | D:4      | Reached skill level 6 in Shields
  3017 | D:4      | Identified the +1 dagger of Dyklaola {drain, rPois rCorr}
  3176 | D:4      | 3176 ||| UPGRADING to +0 chain mail.
  3186 | D:4      | 3186 ||| DROPPING +0 scale mail.
  3187 | D:4      | 3187 ||| READING scroll labelled ITHUAZ HOGEQ.
  3190 | D:4      | 3190 ||| DRINKING 2 sapphire potions.
  3212 | D:5      | Entered Level 5 of the Dungeon
  3257 | D:5      | Reached skill level 7 in Shields
  3261 | D:5      | Noticed a water moccasin
  3273 | D:5      | Killed a water moccasin
  3274 | D:5      | Reached XP level 7. HP: 38/41 MP: 7/7
  3496 | D:5      | Found a sacrificial altar of Ru.
  3594 | D:5      | Found a burning altar of Makhleb.
  3680 | D:5      | Found a staircase to the Ecumenical Temple.
  3681 | D:5      | 3681 ||| PLANNING TEMPLE
  3681 | D:5      | 3681 ||| UPGRADING to +0 pair of gloves.
  3686 | D:5      | 3686 ||| DRINKING 2 grey potions.
  3687 | D:5      | 3687 ||| READING 2 scrolls of identify.
  3687 | D:5      | 3687 ||| IDENTIFYING fizzy blue potion
  3701 | Temple   | Entered the Ecumenical Temple
  3705 | Temple   | 3705 ||| PLANNING OKAWARU WORSHIP
  3864 | Temple   | Became a worshipper of Warmaster Okawaru
  3865 | Temple   | 3865 ||| PLANNING D:1-11
  3890 | D:5      | Reached skill level 8 in Shields
  4177 | D:5      | 4177 ||| Stepping ~*~*~tactically~*~*~ (stealth).
  4178 | D:5      | 4178 ||| Stepping ~*~*~tactically~*~*~ (stealth).
  4198 | D:5      | Reached XP level 8. HP: 46/46 MP: 8/8
  4212 | D:5      | Found a bloodstained altar of Trog.
  4408 | D:5      | Found a blossoming altar of Fedhas.
  4532 | D:5      | 4532 ||| READING scroll labelled JEASOZ VEBLOEGY.
  4533 | D:5      | 4533 ||| READING scroll labelled YRUCOAT DOKH.
  4654 | D:6      | Reached skill level 9 in Shields
  4659 | D:6      | 4659 ||| FLEEEEING.
  4736 | D:6      | Noticed a wyvern
  4743 | D:6      | Killed a wyvern
  4758 | D:6      | 4758 ||| FLEEEEING.
  4822 | D:6      | 4822 ||| DRINKING potion of curing.
  4822 | D:6      | 4822 ||| (to cure confusion)
  4846 | D:6      | Reached * piety under Okawaru
  5278 | D:6      | 5278 ||| Stepping ~*~*~tactically~*~*~ (stealth).
  5280 | D:6      | 5280 ||| Stepping ~*~*~tactically~*~*~ (stealth).
  5289 | D:6      | Reached skill level 1 in Invocations
  5346 | D:6      | 5346 ||| READING scroll of brand weapon.
  5346 | D:6      | 5346 ||| BRANDING +2 war axe of venom.
  5409 | D:6      | 5409 ||| INVOKING Heroism.
  5463 | D:6      | 5463 ||| INVOKING Heroism.
  5470 | D:6      | Reached skill level 6 in Axes
  5539 | D:6      | Reached skill level 3 in Invocations
  5618 | D:6      | Reached XP level 9. HP: 52/52 MP: 11/11
  5646 | D:6      | 5646 ||| UPGRADING to +0 plate armour.
  5656 | D:6      | 5656 ||| DROPPING +0 chain mail.
  5657 | D:6      | 5657 ||| READING scroll labelled KUISMO BATZ.
  5658 | D:6      | 5658 ||| READING 2 scrolls of identify.
  5658 | D:6      | 5658 ||| IDENTIFYING smoky red potion
  5659 | D:6      | 5659 ||| DROPPING potion of flight.
  5797 | D:7      | 5797 ||| INVOKING Heroism.
  5988 | D:7      | Found a glowing silver altar of Zin.
  6077 | D:7      | Found a glowing golden altar of the Shining One.
  6144 | D:7      | Found a snail-covered altar of Cheibriados.
  6266 | D:7      | 6266 ||| INVOKING Heroism.
  6279 | D:7      | Reached skill level 10 in Shields
  6526 | D:7      | Reached ** piety under Okawaru
  6994 | D:7      | 6994 ||| UPGRADING to +6 ring of dexterity.
  6995 | D:7      | 6995 ||| DRINKING 2 bubbling red potions.
  6996 | D:7      | 6996 ||| READING 2 scrolls of identify.
  6996 | D:7      | 6996 ||| IDENTIFYING metallic black potion
  7116 | D:8      | Noticed a white ugly thing
  7173 | D:8      | 7173 ||| Stepping ~*~*~tactically~*~*~ (hiding).
  7178 | D:8      | Reached skill level 1 in Dodging
  7252 | D:8      | 7252 ||| Stepping ~*~*~tactically~*~*~ (stealth).
  7298 | D:8      | 7298 ||| Stepping ~*~*~tactically~*~*~ (stealth).
  7302 | D:8      | 7302 ||| Stepping ~*~*~tactically~*~*~ (stealth).
  7306 | D:8      | 7306 ||| INVOKING Heroism.
  7309 | D:8      | 7309 ||| Stepping ~*~*~tactically~*~*~ (hiding).
  7313 | D:8      | 7313 ||| Stepping ~*~*~tactically~*~*~ (hiding).
  7330 | D:8      | 7330 ||| INVOKING Heroism.
  7372 | D:8      | Noticed a kobold demonologist
  7374 | D:8      | Noticed a sun demon
  7375 | D:8      | 7375 ||| INVOKING Heroism.
  7385 | D:8      | Killed a kobold demonologist
  7501 | D:8      | 7501 ||| Stepping ~*~*~tactically~*~*~ (stealth).
  7502 | D:8      | 7502 ||| Stepping ~*~*~tactically~*~*~ (stealth).
  7522 | D:8      | 7522 ||| INVOKING Heroism.
  7546 | D:8      | 7546 ||| Stepping ~*~*~tactically~*~*~ (stealth).
  7556 | D:8      | 7556 ||| INVOKING Heroism.
  7557 | D:8      | 7557 ||| Stepping ~*~*~tactically~*~*~ (cloud).
  7559 | D:8      | 7559 ||| Stepping ~*~*~tactically~*~*~ (hiding).
  7560 | D:8      | 7560 ||| Stepping ~*~*~tactically~*~*~ (cloud).
  7571 | D:8      | Paralysed by an orc for 3 turns
  7723 | D:8      | 7723 ||| INVOKING Heroism.
  7726 | D:8      | Reached XP level 10. HP: 33/59 MP: 10/13
  7815 | D:8      | 7815 ||| INVOKING Heroism.
  7947 | D:8      | 7947 ||| Stepping ~*~*~tactically~*~*~ (stealth).
  7950 | D:8      | 7950 ||| Stepping ~*~*~tactically~*~*~ (stealth).
  7951 | D:8      | 7951 ||| Stepping ~*~*~tactically~*~*~ (stealth).
  7952 | D:8      | 7952 ||| Stepping ~*~*~tactically~*~*~ (stealth).
  7958 | D:8      | 7958 ||| Stepping ~*~*~tactically~*~*~ (hiding).
  8073 | D:8      | 8073 ||| DROPPING +1 vorpal flail.
  8128 | D:8      | Found Cushri Daohek's Antique Weapon Shoppe.
  8163 | D:8      | Found a transporter.
  8166 | D:8      | Noticed a moth of wrath
  8167 | D:8      | Noticed qw's ghost (novice GrFi)
  8169 | D:8      | Found a bloodstained altar of Trog.
  8346 | D:8      | Found a transporter.
  8445 | D:8      | 8445 ||| READING 2 scrolls of identify.
  8445 | D:8      | 8445 ||| IDENTIFYING blue potion
  8446 | D:8      | 8446 ||| DROPPING potion of degeneration.
  8517 | D:9      | 8517 ||| INVOKING Heroism.
  8531 | D:9      | Reached skill level 11 in Shields
  8583 | D:9      | 8583 ||| READING scroll of enchant armour.
  8583 | D:9      | 8583 ||| ENCHANTING +0 pair of gloves.
  8601 | D:9      | 8601 ||| INVOKING Heroism.
  8608 | D:9      | Reached *** piety under Okawaru
  8616 | D:9      | 8616 ||| INVOKING Heroism.
  8631 | D:9      | 8631 ||| INVOKING Heroism.
  8772 | D:9      | Reached skill level 6 in Fighting
  8802 | D:9      | Found a shimmering altar of Xom.
  8846 | D:9      | 8846 ||| Stepping ~*~*~tactically~*~*~ (hiding).
  8944 | D:9      | 8944 ||| Stepping ~*~*~tactically~*~*~ (hiding).
  8946 | D:9      | 8946 ||| Stepping ~*~*~tactically~*~*~ (hiding).
  8949 | D:9      | 8949 ||| INVOKING Heroism.
  8953 | D:9      | Reached skill level 6 in Armour
  9284 | D:9      | 9284 ||| READING scroll labelled YNWOSA ODUROS.
  9385 | D:9      | 9385 ||| READING 2 scrolls labelled GACOIRR MUJEN.
  9386 | D:9      | 9386 ||| DRINKING 2 yellow potions.
  9387 | D:9      | 9387 ||| READING 3 scrolls of identify.
  9387 | D:9      | 9387 ||| IDENTIFYING metallic white potion
  9388 | D:9      | 9388 ||| DROPPING potion of invisibility.
  9389 | D:9      | 9389 ||| DROPPING scroll of blinking.
  9405 | D:8      | 9405 ||| Stepping ~*~*~tactically~*~*~ (stealth).
  9406 | D:8      | 9406 ||| Stepping ~*~*~tactically~*~*~ (stealth).
  9407 | D:8      | 9407 ||| Stepping ~*~*~tactically~*~*~ (stealth).
  9408 | D:8      | 9408 ||| Stepping ~*~*~tactically~*~*~ (stealth).
  9409 | D:8      | 9409 ||| INVOKING Heroism.
  9418 | D:8      | Killed a white ugly thing
  9421 | D:8      | Reached **** piety under Okawaru
  9489 | D:10     | Entered Level 10 of the Dungeon
  9521 | D:10     | 9521 ||| Stepping ~*~*~tactically~*~*~ (hiding).
  9632 | D:10     | 9632 ||| Stepping ~*~*~tactically~*~*~ (hiding).
  9639 | D:10     | 9639 ||| INVOKING Heroism.
  9657 | D:10     | 9657 ||| Stepping ~*~*~tactically~*~*~ (stealth).
  9707 | D:10     | 9707 ||| Stepping ~*~*~tactically~*~*~ (stealth).
  9709 | D:10     | 9709 ||| Stepping ~*~*~tactically~*~*~ (stealth).
  9726 | D:10     | 9726 ||| Stepping ~*~*~tactically~*~*~ (stealth).
  9739 | D:10     | Reached skill level 9 in Axes
  9838 | D:10     | 9838 ||| Stepping ~*~*~tactically~*~*~ (stealth).
  9848 | D:10     | 9848 ||| Stepping ~*~*~tactically~*~*~ (stealth).
  9868 | D:10     | 9868 ||| FLEEEEING.
  9869 | D:10     | 9869 ||| FLEEEEING.
  9877 | D:10     | 9877 ||| FLEEEEING.
  9878 | D:10     | 9878 ||| FLEEEEING.
  9879 | D:10     | 9879 ||| FLEEEEING.
  9880 | D:10     | 9880 ||| FLEEEEING.
  9883 | D:10     | 9883 ||| FLEEEEING.
  9961 | D:10     | 9961 ||| Stepping ~*~*~tactically~*~*~ (stealth).
  9967 | D:10     | 9967 ||| Stepping ~*~*~tactically~*~*~ (stealth).
  9969 | D:10     | 9969 ||| INVOKING Heroism.
  9970 | D:10     | Received a gift from Okawaru
  9985 | D:10     | 9985 ||| Stepping ~*~*~tactically~*~*~ (stealth).
  9997 | D:10     | 9997 ||| Stepping ~*~*~tactically~*~*~ (stealth).
 10016 | D:10     | Noticed a two-headed ogre
 10017 | D:10     | 10017 ||| INVOKING Heroism.
 10025 | D:10     | 10025 ||| Stepping ~*~*~tactically~*~*~ (stealth).
 10028 | D:10     | Reached XP level 11. HP: 63/64 MP: 12/15
 10031 | D:10     | Killed a two-headed ogre
 10032 | D:10     | Reached skill level 6 in Invocations
 10090 | D:10     | 10090 ||| Stepping ~*~*~tactically~*~*~ (stealth).
 10093 | D:10     | 10093 ||| Stepping ~*~*~tactically~*~*~ (stealth).
 10103 | D:10     | Found a staircase to the Lair.
 10111 | D:10     | Reached skill level 12 in Shields
 10141 | D:10     | Found a hazy altar of Hepliaklqana.
 10187 | D:10     | Reached skill level 1 in Throwing
 10226 | D:10     | Found a staircase to the Orcish Mines.
 10227 | D:10     | 10227 ||| INVOKING Heroism.
 10228 | D:10     | 10228 ||| Stepping ~*~*~tactically~*~*~ (stealth).
 10257 | D:10     | 10257 ||| INVOKING Heroism.
 10275 | D:10     | 10275 ||| Stepping ~*~*~tactically~*~*~ (stealth).
 10362 | D:10     | 10362 ||| READING scroll of enchant weapon.
 10362 | D:10     | 10362 ||| ENCHANTING +2 vorpal war axe.
 10515 | D:10     | Noticed Erica
 10524 | D:10     | Killed Erica
 10806 | D:10     | 10806 ||| PLANNING LAIR
 10806 | D:10     | 10806 ||| READING 4 scrolls of identify.
 10806 | D:10     | 10806 ||| IDENTIFYING bubbling emerald potion
 10807 | D:10     | 10807 ||| DROPPING potion of berserk rage.
 10865 | Lair:1   | Entered Level 1 of the Lair of Beasts
 10975 | Lair:1   | 10975 ||| INVOKING Heroism.
 11053 | Lair:1   | 11053 ||| Stepping ~*~*~tactically~*~*~ (hiding).
 11201 | Lair:1   | 11201 ||| INVOKING Heroism.
 11229 | Lair:1   | Reached ***** piety under Okawaru
 11289 | Lair:1   | 11289 ||| READING scroll of enchant armour.
 11289 | Lair:1   | 11289 ||| ENCHANTING +1 pair of gloves.
 11305 | Lair:1   | 11305 ||| READING scroll of enchant weapon.
 11305 | Lair:1   | 11305 ||| ENCHANTING +3 vorpal war axe.
 11438 | Lair:1   | 11438 ||| UPGRADING to ring of protection from fire.
 11439 | Lair:1   | 11439 ||| READING scroll labelled BUJERY GOTHROH.
 11468 | Lair:2   | 11468 ||| INVOKING Heroism.
 11492 | Lair:2   | Received a gift from Okawaru
 11524 | Lair:2   | 11524 ||| Stepping ~*~*~tactically~*~*~ (stealth).
 11526 | Lair:2   | 11526 ||| Stepping ~*~*~tactically~*~*~ (stealth).
 11528 | Lair:2   | 11528 ||| Stepping ~*~*~tactically~*~*~ (stealth).
 11529 | Lair:2   | 11529 ||| Stepping ~*~*~tactically~*~*~ (stealth).
 11530 | Lair:2   | 11530 ||| INVOKING Heroism.
 11567 | Lair:2   | 11567 ||| Stepping ~*~*~tactically~*~*~ (stealth).
 11569 | Lair:2   | 11569 ||| Stepping ~*~*~tactically~*~*~ (stealth).
 11570 | Lair:2   | 11570 ||| INVOKING Heroism.
 11586 | Lair:2   | 11586 ||| Stepping ~*~*~tactically~*~*~ (stealth).
 11590 | Lair:2   | 11590 ||| Stepping ~*~*~tactically~*~*~ (stealth).
 11591 | Lair:2   | 11591 ||| Stepping ~*~*~tactically~*~*~ (stealth).
 11593 | Lair:2   | 11593 ||| Stepping ~*~*~tactically~*~*~ (stealth).
 11611 | Lair:2   | 11611 ||| INVOKING Heroism.
 11687 | Lair:2   | Noticed a bog body
 11692 | Lair:2   | 11692 ||| INVOKING Heroism.
 11692 | Lair:2   | HP: 1/67 [bog body/bolt of cold (33)]
 11693 | Lair:2   | 11693 ||| READING 3 scrolls of teleportation.
 11694 | Lair:2   | 11694 ||| DRINKING 2 potions of heal wounds.
 11709 | Lair:2   | 11709 ||| Stepping ~*~*~tactically~*~*~ (stealth).
 11720 | Lair:2   | 11720 ||| Stepping ~*~*~tactically~*~*~ (stealth).
 11835 | Lair:2   | 11835 ||| Stepping ~*~*~tactically~*~*~ (stealth).
 11841 | Lair:2   | 11841 ||| Stepping ~*~*~tactically~*~*~ (stealth).
 11860 | Lair:2   | 11860 ||| Stepping ~*~*~tactically~*~*~ (stealth).
 11875 | Lair:2   | 11875 ||| Stepping ~*~*~tactically~*~*~ (stealth).
 11890 | Lair:2   | 11890 ||| INVOKING Heroism.
 11918 | Lair:2   | 11918 ||| READING scroll of enchant weapon.
 11918 | Lair:2   | 11918 ||| ENCHANTING +4 vorpal war axe.
 11977 | Lair:2   | 11977 ||| INVOKING Heroism.
 11981 | Lair:2   | Killed a bog body
 11982 | Lair:2   | Reached skill level 9 in Invocations
 11982 | Lair:2   | Noticed a bog body
 11986 | Lair:2   | Killed a bog body
 11987 | Lair:2   | Noticed a bog body
 11992 | Lair:2   | Mangled by a bog body

Levels and vault maps discovered:
D:1:      minmay_arrival_five_plusses, layout_rooms
D:2:      layout_basic, ebering_ecumenical_altar_abandoned
D:3:      layout_loops_ring, nicolae_uskayaw_en_pointe, uniq_robin
D:4:      layout_gridville
D:5:      layout_basic, mainiacjoe_overflow_concentric_impassable,
          makhleb_grotto_becter, fedhas_altar_4,
          mainiacjoe_overflow_surrounded_room, minmay_temple_entry_wispy
D:6:      layout_layer_cave
D:7:      layout_layer_cave, tso_altar, mainiacjoe_overflow_tiny_flanked,
          zin_academy
D:8:      hellmonk_ruined_rings, layout_loops_ring, serial_shops,
          nicolae_shop_trees, gammafunk_ghost_wrathful_warriors,
          grunt_ministairs_11, kennysheep_island_fort
D:9:      layout_basic, lemuel_crystal_altar, hangedman_fish_farm
D:10:     layout_loops_ring, general_overflow_altar,
          due_lair_maze_entry_diamond, zombieorc2_lemuel, minmay_misc_feat_chi,
          uniq_erica
Temple:   chequers_temple_sunken
Lair:1:   layout_long_grid
Lair:2:   layout_loops_ring, nicolae_swamp_entry_splash_gauntlet,
          gammafunk_ghost_split, grunt_megastairs_3, lemuel_fruit_tree,
          serial_bayou_shore_a

Skill      XL: |  1  2  3  4  5  6  7  8  9 10 11 |
---------------+----------------------------------+-----
Axes           | 2 3 4 5 6 7 9 |  9.6
Shields        | 4 5 7 8 9 10 11 12 | 12.0
Fighting       | 4 5 6 7 |  7.0
Invocations    | 3 4 5 9 |  9.2
Armour         | 5 6 |  6.0
Dodging        | 1 2 |  2.1
Throwing       | 2 |  2.3

Action                   |  1- 3 |  4- 6 |  7- 9 | 10-12 || total
-------------------------+-------+-------+-------+-------++-------
Melee: War axe           |    85 |   161 |   302 |   376 ||   924
Throw: Javelin           |       |       |       |    16 ||    16
Invok: Heroism           |       |       |    10 |    21 ||    31
  Use: Scroll            |     3 |     8 |     7 |    12 ||    30
       Potion            |       |     2 |     3 |     2 ||     7
Armor: Scale mail        |    30 |    55 |       |       ||    85
       Chain mail        |       |     7 |    80 |       ||    87
       Plate armour      |       |       |    77 |    94 ||   171
Dodge: Dodged            |    33 |    27 |    33 |    54 ||   147
Block: Buckler           |    24 |     3 |       |       ||    27
       Reflection        |     3 |     1 |     2 |    11 ||    17
       Tower shield      |       |   136 |   299 |   358 ||   793

Table legend:
 A = Non-vault XP
 B = Vault XP
 C = Vault XP percentage of total XP
 D = Non-vault monster count
 E = Vault monster count
 F = Vault count percentage of total count
                 A         B        C        D         E       F
            +---------+---------+-------+---------+---------+-------
      Total |   13877 |    4765 |  25.6 |     216 |      67 |  23.7
            +---------+---------+-------+---------+---------+-------
        D:1 |      34 |       0 |   0.0 |      18 |       0 |   0.0
        D:2 |      56 |       0 |   0.0 |      23 |       0 |   0.0
        D:3 |      55 |      38 |  40.9 |      19 |      13 |  40.6
        D:4 |     280 |       0 |   0.0 |      17 |       0 |   0.0
        D:5 |     833 |      50 |   5.7 |      19 |       1 |   5.0
        D:6 |    1017 |       0 |   0.0 |      20 |       0 |   0.0
        D:7 |     834 |       0 |   0.0 |       7 |       0 |   0.0
        D:8 |    1769 |     584 |  24.8 |      31 |       4 |  11.4
        D:9 |    1796 |     321 |  15.2 |      26 |       1 |   3.7
       D:10 |    1713 |    2426 |  58.6 |      15 |      46 |  75.4
     Lair:1 |    1958 |       0 |   0.0 |       6 |       0 |   0.0
     Lair:2 |    3532 |    1346 |  27.6 |      15 |       2 |  11.8
            +---------+---------+-------+---------+---------+-------
